 Dungeon Crawl Stone Soup version 0.29.0-11-gd7f09526c8 (webtiles) character file.

Game seed: 16580830139254678085

137 browni3141 the Sneak (level 5, 0/41 HPs)
             Began as a Ghoul Enchanter on Sept 5, 2022.
             Killed from afar by an orc wizard (6 damage)
             ... with a puff of flame
             ... on level 3 of the Dungeon.
             The game lasted 00:04:28 (3044 turns).

browni3141 the Sneak (Ghoul Enchanter)              Turns: 3044, Time: 00:04:29

Health: 0/41       AC:  6    Str: 14    XL:     5   Next: 20%
Magic:  6/6        EV: 12    Int: 10    God:
Gold:   136        SH:  0    Dex:  9    Spells: 7/7 levels left

rFire   . . .      SeeInvis .   e - +1 whip (freeze)
rCold   + + .      Faith    .   (no shield)
rNeg    + + +      Spirit   .   t - +2 robe {rC+}
rPois   ∞          Reflect  .   (no helmet)
rElec   .          Harm     .   (no cloak)
rCorr   .          Rampage  .   m - +0 pair of gloves
Will    +....                   q - +0 pair of boots
Stlth   ++........              (no amulet)
HPRegen 0.00/turn               M - ring of willpower
MPRegen 0.10/turn               (no ring)

@: inhibited regen
A: claws 1, cold resistance 1, negative energy resistance 3, inhibited
regeneration, torment resistance 2, devour on kill
a: no special abilities


You were on level 3 of the Dungeon.
You visited 1 branch of the dungeon, and saw 3 of its levels.

You collected 136 gold pieces.


Innate Abilities, Weirdness & Mutations

You are immune to poison.
You have sharp fingernails.
Your flesh is cold resistant. (rC+)
You are immune to negative energy. (rN+++)
You do not regenerate when monsters are visible.
You are immune to unholy pain and torment.
You thrive by killing the living.


   Skills:
 - Level 2.0 Fighting
 - Level 0.8 Short Blades
 * Level 3.0 Maces & Flails
 - Level 2.0 Armour
 - Level 1.7 Dodging
 - Level 3.2 Stealth
 - Level 1.7 Spellcasting
 - Level 2.4 Hexes


You had 7 spell levels left.
You didn't know any spells.
Your spell library contained the following spells:

 Spells                   Type           Power      Damage    Failure   Level
 Ensorcelled Hibernation  Hex/Ice        6%         N/A       30%         2
 Confusing Touch          Hex            5%         N/A       34%         3
 Tukima's Dance           Hex            5%         N/A       34%         3
 Dazzling Flash           Conj/Hex       6%         N/A       52%         3

Inventory:

Hand Weapons
 a - a +1 dagger
 e - a +1 whip of freezing (weapon)
Missiles
 l - 5 curare-tipped darts (quivered) {@f4}
Armour
 b - a +0 robe
 h - a +0 ring mail
 i - a +0 scale mail
 m - a +0 pair of gloves (worn)
 q - a +0 pair of boots (worn)
 t - a +2 robe of cold resistance (worn)
Jewellery
 C - a ring of protection from cold
 M - a ring of willpower (left hand)
Wands
 p - a wand of iceblast (3)
Scrolls
 d - 3 scrolls of identify {unknown}
 j - a scroll of immolation {unknown}
 k - a scroll of blinking {unknown}
 n - a scroll of vulnerability {unknown}
 u - a scroll of enchant weapon {unknown}
Potions
 c - 2 potions of invisibility
 f - a potion of brilliance {unknown}
 g - a potion of curing {unknown}
 o - a potion of ambrosia {unknown}
 r - a potion of mutation {unknown}
 s - a potion of haste {unknown}

Dungeon Overview and Level Annotations

Branches:
Dungeon (3/15)

Altars:
Fedhas

#.##......[.......#.# #.#
#.##..#..####.....#.# #.#
##.##..............#.#
#.#
#...)÷.#..##########.#
#.## ##.##..#..###
##.####.## ####.......#
#.......## #......#.#
#..##.###. #..##.##.#
#..#...#..
#..#...#@#######.........
#....#............#...###
#........#.######.##.##
#....###..........##.#
#....# #.............#
#....###.#.###########
###.#....#.###########
#.####.#{##...o.o..#
#........o..######.#


There were no monsters in sight!


Message History

You see here a rat corpse.
Found a stone staircase leading down.
There is a stone staircase leading down here.
You open the door.
An orc wizard and 3 orc priests come into view.
An orc priest is wielding a +0 vorpal hand axe.
The orc priest miscasts a cantrip.
The orc priest shouts!
Found 63 gold pieces.
Found a roughly hewn altar of Beogh.
There are monsters nearby!
There are monsters nearby!
The orc wizard shouts!
The orc wizard gestures at you while chanting.
The puff of flame hits you!
There is a stone staircase leading down here.
The orc priest calls down the wrath of Beogh upon you.
Beogh smites you! The orc wizard casts a spell at you.
The puff of flame hits you.
* * * LOW HITPOINT WARNING * * *
You see here a rat corpse.
The orc wizard points at you and mumbles some strange words.
The puff of flame hits you!
* * * LOW HITPOINT WARNING * * *
The orc wizard mumbles some strange words.
The orc wizard flickers and vanishes!
Deactivating autopickup; reactivate with Ctrl-A.
A puff of flame appears from out of thin air!
The puff of flame hits you.
You die...

Skill      XL: |  1  2  3  4  5 |
---------------+----------------+-----
Fighting       | 1 2 |  2.0
Maces & Flails | 1 2 3 |  3.0
Armour         | 1 2 |  2.0
Short Blades   | |  0.8
Dodging        | |  1.7
Stealth        | |  3.2
Spellcasting   | |  1.7
Hexes          | |  2.4

Action                   |  1- 3 |  4- 6 || total
-------------------------+-------+-------++-------
Melee: Dagger            |     7 |       ||     7
       Whip              |   123 |    97 ||   220
       Punch             |       |     1 ||     1
 Stab: Sleeping          |     8 |     3 ||    11
Armor: Robe              |    11 |    22 ||    33
       Ring mail         |    18 |    17 ||    35
Dodge: Dodged            |    71 |    50 ||   121

Levels and vault maps discovered:
D:1:      matt_arrival_refuge, layout_loops_ring,
          shapermc_ecumenical_altar_flowoftime
D:2:      layout_loops_ring, grunt_decor_mini_mirrors, corner_web_ring,
          item_on_display_a
D:3:      layout_loops_ring, mainiacjoe_overflow_alcove_4,
          minmay_misc_feat_secret_circle, glass_columns_a,
          kennysheep_orc_chapel, uniq_jessica

Notes
Turn   | Place    | Note
-------+----------+-------------------------------------------
     0 | D:1      | browni3141 the Ghoul Enchanter began the quest for the Orb.
     0 | D:1      | Reached XP level 1. HP: 14/14 MP: 2/2
    80 | D:1      | Reached skill level 1 in Fighting
   183 | D:1      | Reached XP level 2. HP: 16/23 MP: 3/3
   377 | D:1      | Reached skill level 1 in Maces & Flails
   856 | D:1      | Reached XP level 3. HP: 26/28 MP: 4/4
   970 | D:1      | Reached skill level 2 in Maces & Flails
  1093 | D:1      | Found a faded altar of an unknown god.
  1799 | D:2      | Reached skill level 1 in Armour
  1799 | D:2      | Reached XP level 4. HP: 32/35 MP: 5/5
  2405 | D:3      | Found a blossoming altar of Fedhas.
  2502 | D:3      | Noticed Jessica
  2506 | D:3      | Killed Jessica
  2615 | D:3      | Reached skill level 3 in Maces & Flails
  2615 | D:3      | Reached XP level 5. HP: 37/40 MP: 6/6
  2639 | D:3      | Reached skill level 2 in Armour
  2765 | D:3      | Reached skill level 2 in Fighting
  3044 | D:3      | Killed from afar by an orc wizard

Vanquished Creatures
  Jessica (D:3)
  4 adders
  A worm (D:3)
  2 dart slugs
  An orc (D:3)
  4 ball pythons
  3 endoplasms
  3 giant cockroaches
  7 goblins
  6 hobgoblins
  8 jackals
  2 quokkas
  5 bats
  6 frilled lizards
  6 kobolds
  5 rats
64 creatures vanquished.

Table legend: (Time is in decaauts)
 A = Elapsed time spent in this place.
 B = Non-inter-level travel time spent in this place.
 C = Inter-level travel time spent in this place.
 D = Time resting spent in this place.
 E = Time spent auto-exploring this place.
 F = Levels seen in this place.
 G = Mean time per level.
                   A        B        C        D        E       F      G
               +--------+--------+--------+--------+--------+-----+--------+
         Total |   3040 |   2928 |    112 |     12 |   2288 |   3 | 1013.3 |
       Dungeon |   3040 |   2928 |    112 |     12 |   2288 |   3 | 1013.3 |
               +--------+--------+--------+--------+--------+-----+--------+

Top non-repeatable levels by time:
     D:1: 1205 daAuts
     D:3: 988 daAuts
     D:2: 845 daAuts

Table legend:
 A = Non-vault XP
 B = Vault XP
 C = Vault XP percentage of total XP
 D = Non-vault monster count
 E = Vault monster count
 F = Vault count percentage of total count
                 A         B        C        D         E       F
            +---------+---------+-------+---------+---------+-------
      Total |     160 |      37 |  18.8 |      63 |       1 |   1.6
            +---------+---------+-------+---------+---------+-------
        D:1 |      47 |       0 |   0.0 |      26 |       0 |   0.0
        D:2 |      42 |       0 |   0.0 |      12 |       0 |   0.0
        D:3 |      71 |      37 |  34.3 |      25 |       1 |   3.8
            +---------+---------+-------+---------+---------+-------
